 Dungeon Crawl Stone Soup version 0.24.0-37-gcf1ca852f1 (webtiles) character file.

Game seed: 10380760499742230697, levelgen mode: deterministic

511 MJtheKandyman the Conjurer (level 6, -3/52 HPs)
             Began as a Draconian Conjurer on Nov 24, 2019.
             Slain by a slave (7 damage)
             ... led by Pikel
             ... on level 4 of the Dungeon on Nov 25, 2019.
             The game lasted 00:22:24 (5543 turns).

MJtheKandyman the Conjurer (Draconian Conjurer)     Turns: 5543, Time: 00:22:25

Health: -3/52      AC:  6    Str: 11    XL:     6   Next: 99%
Magic:  1/12       EV: 13    Int: 17    God:
Gold:   137        SH:  0    Dex: 11    Spells: 10/13 levels left

rFire    . . .     SeeInvis .   f - +1 dagger (speed)
rCold    . . .     Gourm    .   (no shield)
rNeg     . . .     Faith    .   (armour unavailable)
rPois    .         Spirit   .   (helmet restricted)
rElec    .         Reflect  .   (no cloak)
rCorr    .         Harm     .   (no gloves)
MR       .....                  (no boots)
Stlth    ++........             (no amulet)
HPRegen  0.17/turn              (no ring)
MPRegen  0.13/turn              (no ring)

@: no status effects
A: unfitting armour, cold-blooded, AC +6
a: no special abilities


You were on level 4 of the Dungeon.
You were not hungry.

You visited 1 branch of the dungeon, and saw 4 of its levels.

You collected 137 gold pieces.

Inventory:

Hand Weapons
 f - a +1 dagger of speed (weapon)
 i - a +0 dagger
 n - a +2 dagger of draining
Missiles
 h - 60 stones (quivered)
 l - 17 sling bullets
 q - 10 poisoned darts
Scrolls
 c - a scroll of remove curse
 d - 3 scrolls of identify
 e - 2 scrolls of blinking {unknown}
 j - 2 scrolls of enchant armour
 p - 3 scrolls of teleportation {unknown}
Potions
 a - 4 potions of curing
 g - a potion of magic {unknown}
 k - a potion of might {unknown}
 o - a potion of lignification {unknown}
Comestibles
 b - 6 rations
 m - a chunk of flesh


   Skills:
 + Level 4.0 Fighting
 + Level 3.1 Dodging
 - Level 1.7 Stealth
 + Level 4.0 Spellcasting
 + Level 5.6 Conjurations


You had 10 spell levels left.
You knew the following spells:

 Your Spells              Type           Power        Failure   Level  Hunger
a - Magic Dart            Conj           ###.         1%          1    None
b - Searing Ray           Conj           ###...       2%          2    ##.....

Your spell library contained the following spells:

 Spells                   Type           Power        Failure   Level  Hunger
 Dazzling Spray           Conj/Hex       ##....       16%         3    ###....
 Iskenderun's Mystic Bla  Conj           ###.....     16%         4    ####...
 Force Lance              Conj/Tloc      ##......     45%         4    ####...
 Fulminant Prism          Conj/Hex       ##........   45%         4    ####...


Dungeon Overview and Level Annotations

Branches:
Dungeon (4/15)
 Temple: D:4-7

Altars:
Makhleb

Annotations:
D:4 Pikel


Innate Abilities, Weirdness & Mutations

Your plain brown scales are hard. (AC +6)
You cannot fit into any form of body armour.
You are cold-blooded and may be slowed by cold attacks.


Message History

The slave hits you. The slave hits you! Pikel closely misses you.
Okay, then.
The searing ray misses Pikel.
The searing ray hits the slave.
The slave is moderately wounded.
You finish channeling your searing ray.
The slave hits you!
* * * LOW HITPOINT WARNING * * *
The slave hits you.
* * * LOW HITPOINT WARNING * * *
Pikel hits you with a +2 whip of freezing.
* * * LOW HITPOINT WARNING * * *
Pikel freezes you.
* * * LOW HITPOINT WARNING * * *
The slave closely misses you.
Things that are here:
a +0 whip; an orc skeleton The slave misses you.
The slave barely misses you. The slave hits you.
* * * LOW HITPOINT WARNING * * *
The slave hits you!
You die...

...........÷....##
...............##
#..............#
#..............#
...............#
.......##...##.#
.......####....##
.......# ####...##
................@##
.....#.........ppp##
..###...........K..#
.## #............).#
.# #...(.....(..÷.#
.# ............#####
.#.##..........
..{..........#. .#
#........


You could see Pikel and 3 slaves.

Vanquished Creatures
  A slave (D:3)
  A bullfrog (D:4)
  A howler monkey (D:3)
  A crimson imp (D:3)
  A centaur skeleton (D:4)
  2 orc priests (D:3)
  Ijyb (D:4)
  A worker ant (D:3)
  An orc wizard (D:4)
  6 gnolls
  5 adders
  An ooze (D:1)
  4 worms
  4 dart slugs
  5 leopard geckos
  8 orcs
  A ball python (D:1)
  5 bats
  4 giant cockroaches
  7 goblins
  2 hobgoblins
  4 jackals (D:2)
  2 quokkas
  4 frilled lizards
  4 kobolds
  7 rats
83 creatures vanquished.

Vanquished Creatures (others)
  A leopard gecko (D:3)
  6 orcs (D:3)
  A giant cockroach (D:3)
  A rat (D:3)
9 creatures vanquished.

Grand Total: 92 creatures vanquished

Notes
Turn   | Place    | Note
-------+----------+-------------------------------------------
     0 | D:1      | MJtheKandyman the Draconian Conjurer began the quest for
                  | the Orb.
     0 | D:1      | Reached XP level 1. HP: 14/14 MP: 3/3
   269 | D:1      | Reached XP level 2. HP: 22/22 MP: 0/5
   444 | D:1      | Reached skill level 1 in Fighting
  1072 | D:1      | Reached XP level 3. HP: 25/28 MP: 3/6
  1298 | D:2      | Found a faded altar of an unknown god.
  1640 | D:2      | Reached XP level 4. HP: 36/36 MP: 3/8
  2178 | D:2      | You fall into a shaft and drop 1 floor!
  3323 | D:3      | Learned a level 2 spell: Searing Ray
  3491 | D:3      | Reached XP level 5. HP: 26/44 MP: 5/9
  3768 | D:3      | Found a burning altar of Makhleb.
  3775 | D:3      | Reached skill level 5 in Conjurations
  3999 | D:4      | Noticed Ijyb
  4071 | D:4      | Noticed a slave
  4198 | D:4      | Noticed Pikel
  4198 | D:4      | Noticed a slave
  4199 | D:4      | Noticed a slave
  4200 | D:4      | Noticed a sky beast
  4208 | D:3      | Reached XP level 6. HP: 26/51 MP: 6/11
  4238 | D:3      | Killed a slave
  4494 | D:4      | Killed Ijyb
  5085 | D:4      | Noticed a slave
  5543 | D:4      | Slain by a slave

Levels and vault maps discovered:
D:1:      saegor_arrival_simple_e, layout_basic
D:2:      layout_rooms, chequers_ecumenical_altar_simple_redux,
          grunt_ministairs_13
D:3:      layout_rooms, makhleb_grotto_becter, lemuel_old_faithful
D:4:      layout_rooms, tgw_xom, uniq_pikel, uniq_ijyb

Skill      XL: |  1  2  3  4  5  6 |
---------------+-------------------+-----
Fighting       | 1 2 3 4 |  4.0
Spellcasting   | 3 4 |  4.0
Dodging        | 2 3 |  3.1
Conjurations   | 5 |  5.6
Stealth        | |  1.7

Action                   |  1- 3 |  4- 6 || total
-------------------------+-------+-------++-------
Melee: Unarmed           |    13 |       ||    13
       Tailslap          |     5 |     5 ||    10
       Dagger            |    21 |    50 ||    71
Throw: Stone             |       |     5 ||     5
 Cast: Magic Dart        |    66 |   110 ||   176
       Searing Ray       |       |    25 ||    25
  Use: Scroll            |       |     6 ||     6
 Stab: Sleeping          |       |     1 ||     1
  Eat: Chunk             |     3 |    13 ||    16
Armor: Skin              |    14 |    74 ||    88
Dodge: Dodged            |    39 |   147 ||   186
